Map: 莱瑞拉克之冠

Players

shengy

  • Race: Zerg Zerg
  • League: Platinum

iGoTThiZ - Winner!

  • Race: Zerg Zerg
  • League: Gold

VOD

Have the link to the VOD?

Description

Time

  • Played on: Jan. 1, 2016, 3:02 p.m.
  • Length: 4:03
Show
View Real Time Build Order
Export as new Build Order

shengy Zerg 

Build Orders: Hatch First 

Get SALT Encoding   

  12  0:01  Drone  
  13  0:08  Drone  
  14  0:16  Overlord  
  14  0:35  Drone  
  14  0:36  Drone x2  
  17  0:47  Drone  
  18  0:57  Hatchery  
  18  1:01  Drone  
  18  1:09  Drone  
  19  1:12  Extractor  
  18  1:22  Spawning Pool  
  18  1:24  Drone  
  18  1:30  Drone  
  19  1:41  Drone  
  20  1:51  Overlord  
  20  2:08  Queen, Drone  
  21  2:10  Queen  
  21  2:15  Zergling x2  
  26  2:20  Drone  
  26  2:22  Drone  
  28  2:23  Drone  
  29  2:30  Drone  
  29  2:36  Drone  
  31  2:38  Metabolic Boost  
  31  2:42  Drone  
  32  2:44  Baneling Nest, Drone  
  32  2:46  Queen  
  34  2:52  Overlord  
  34  2:57  Drone  
  35  3:06  Drone  
  35  3:26  Roach Warren, Extractor  
  33  3:30  Extractor  
  33  3:32  Overlord  
  33  3:33  Drone x2  
  33  3:34  Drone x5  
  39  3:43  Drone x2  
Show
View Real Time Build Order
Export as new Build Order

iGoTThiZ Zerg - Winner!

Build Orders: Hatch First 

Get SALT Encoding   

  12  0:01  Drone  
  13  0:08  Drone  
  14  0:17  Overlord  
  14  0:27  Extractor  
  14  0:28  Extractor  
  12  0:29  Drone x2  
  16  0:36  Drone  
  18  0:57  Drone  
  18  1:01  Hatchery  
  17  1:11  Spawning Pool  
  17  1:14  Extractor  
  17  1:15  Drone  
  16  1:19  Drone  
  16  1:23  Drone  
  18  1:28  Drone  
  19  1:37  Overlord  
  19  1:49  Drone  
  20  1:58  Queen  
  22  2:06  Zergling x2  
  23  2:11  Zergling x2  
  23  2:14  Queen  
  26  2:16  Metabolic Boost  
  27  2:22  Drone  
  27  2:23  Drone  
  28  2:49  Overlord  
  28  2:50  Drone  
  32  2:51  Drone x3  
  32  2:59  Roach Warren  
  32  3:02  Zergling x4  
  33  3:10  Zergling x2  
  33  3:11  Zergling x6  
  37  3:17  Overlord  
  37  3:26  Zergling x2  
  37  3:27  Zergling x8  
  41  3:38  Zergling x2  
  41  3:39  Zergling x2  
Tags
 
Add a new tag
Caveats
  • Supply blocks, unpowered buildings, or Contaminate may cause inaccurate times.
  • Supply counts are checked every 10 seconds.